 Dungeon Crawl Stone Soup version 0.31.0-7-gf635a9b802 (webtiles) character file.

Game seed: 11334518808191710051

285 Crownlay the Trooper (level 6, -1/50 HPs)
             Began as a Djinni Monk on Jan 23, 2024.
             Was a Priest of Makhleb.
             Killed from afar by a ynoxinul (24 damage)
             ... with an iron shot
             ... summoned by the player character
             ... in a sewer.
             The game lasted 00:07:22 (3270 turns).

Crownlay the Trooper (Djinni Monk)                  Turns: 3270, Time: 00:07:23

Health: -1/50      AC:  6    Str: 10    XL:     6   Next: 55%
Gold:   122        EV: 13    Int: 13    God:    Makhleb [***...] SH:  0 Dex: 16

rFire   + + .        A - +1 dagger (freeze)
rCold   x . .        d - orb {light}
rNeg    . . .        o - +2 animal skin
rPois   ∞            p - +0 helmet
rElec   .            b - +0 cloak
rCorr   .            (no gloves)
SInv    .            (boots unavailable)
Will    .....        (no amulet)
Stlth   +            s - ring of wizardry
HPRegen 0.28/turn    (no ring)
MPRegen 0.00/turn

%: wizardry (x1), infuse magic (-2 HP)
@: flying, glowing
A: sickness immunity, fire resistance 2, cold vulnerability 1, float, innate
caster, HP casting, extra vitality 1
a: Renounce Religion, Minor Destruction, Lesser Servant of Makhleb


You were in a sewer.
You worshipped Makhleb.
Makhleb was most pleased with you.
You visited 1 branch of the dungeon, and saw 4 of its levels.
You also visited: Sewer.

You collected 122 gold pieces.

Inventory:

Hand Weapons
 a - a +0 short sword
 A - a +1 dagger of freezing (weapon)
Missiles
 g - 5 boomerangs
 q - 3 poisoned darts
Armour
 b - a +0 cloak (worn)
 d - an orb of light (worn)
 o - a +2 animal skin (worn)
 p - a +0 helmet (worn)
Jewellery
 s - a ring of wizardry (left hand)
Scrolls
 e - a scroll of enchant weapon {unknown}
 f - a scroll of brand weapon {unknown}
 h - a scroll of torment {unknown}
 k - 4 scrolls of identify {unknown}
 m - a scroll of teleportation {unknown}
 u - a scroll of noise {unknown}
 w - a scroll of amnesia {unknown}
 x - a scroll of immolation {unknown}
 y - a scroll of acquirement {unknown}
 B - a scroll of fear {unknown}
Potions
 c - 2 potions of ambrosia
 i - 3 potions of curing {unknown}
 j - a potion of resistance {unknown}
 l - a potion of magic {unknown}
 n - a potion of degeneration {unknown}
 r - a potion of cancellation {unknown}
 t - a potion of attraction {unknown}
 v - a potion of haste {unknown}
 z - a potion of enlightenment {unknown}


   Skills:
 * Level 5.8 Fighting
 - Level 2.6 Short Blades
 - Level 3.2 Dodging
 + Level 2.4 Spellcasting
 + Level 2.4 Conjurations
 + Level 2.4 Hexes
 + Level 2.4 Summonings
 + Level 2.4 Necromancy
 + Level 2.4 Translocations
 + Level 2.4 Fire Magic
 + Level 2.4 Ice Magic
 + Level 2.4 Air Magic
 + Level 2.4 Earth Magic
 + Level 2.4 Alchemy


You knew the following spells:

 Your Spells              Type           Power      Damage    Failure   Level
a - Magic Dart            Conj           28%        1d4       3%          1
b - Call Imp              Summ           14%        N/A       6%          2
Your spell library was empty.

Dungeon Overview and Level Annotations

Branches:
Dungeon (4/15)              Sewer (1/1)
 Temple: D:4-7

Altars:
Ashenzari
Makhleb

Annotations:
D:2 1 runed translucent door, Crazy Yiuf
D:4 Edmund


Innate Abilities, Weirdness & Mutations

You are immune to sickness and miasma.
You are immune to poison.
Your flesh is very heat resistant. (rF++)
You are vulnerable to cold. (rC-)
You float through the air rather than walking.
You learn spells naturally, not from books.
Your magical power is your life essence.
You have superior vitality. (+4 MHP)


Message History

Press: ? - help, Shift-Dir - straight line, f - brain worm
Aim: a brain worm (haloed)
Okay, then.
A demon appears!
It doesn't seem very happy.
The brain worm misses you. The ynoxinul hits you.
A demon appears!
The brain worm misses you.
The ynoxinul hits you but does no damage.
You hit the ynoxinul.
The ynoxinul is lightly wounded.
The brain worm bites you.
The ynoxinul gestures.
You hit the ynoxinul.
The ynoxinul is moderately wounded.
The ynoxinul hits you.
Your hellwing hits the ynoxinul.
Your hellwing closely misses the ynoxinul.
The brain worm misses you. The ynoxinul misses you.
The ufetubus hits you but does no damage.
The ufetubus closely misses you.
You hit the ynoxinul.
The ynoxinul is moderately wounded.
The ynoxinul gestures.
Your hellwing closely misses the ynoxinul.
Your hellwing hits the ynoxinul.
The ufetubus hits you but does no damage. x2
The ynoxinul gestures.
The brain worm bites you but does no damage.
You hit the ynoxinul but do no damage.
The ynoxinul is heavily wounded.
The ufetubus hits you but does no damage.
The ufetubus barely misses you.
Your hellwing hits the ynoxinul! Your hellwing hits the ynoxinul.
The ynoxinul dies!
The ynoxinul disappears in a puff of smoke!
The ufetubus disappears in a puff of smoke! x4
The ynoxinul closely misses you. The brain worm bites you.
The ufetubus completely misses you. The ufetubus hits you.
The ynoxinul gestures at you. The iron shot hits you!!
You die...

#########
#.##.##.#
#.##.##.#
#+##+##+##'##'##'#
.........†.......#
~~~~~~~)~~~~~~~§5#
≈≈≈≈≈≈≈∩≈≈≈≈≈≈≈4≈#
~~~~~~~.~~~~~~§3@#
..............§5.#
#+##+##.##+##'##w#
#.# #.##.# #∩#
#.##.# ### ###


You could see a ynoxinul (summoned), a brain worm, 2 ufetubi and a friendly
hellwing (summoned).

Vanquished Creatures
  A bombardier beetle (D:4)
  A hound (D:4)
  Terence (D:2)
  Robin (D:2)
  5 adders
  A ribbon worm (D:4)
  4 bats
  4 endoplasms
  2 giant cockroaches
  16 goblins
  5 hobgoblins
  A quokka (D:1)
  4 ball pythons
  2 frilled lizards
  7 kobolds
  8 rats
63 creatures vanquished.

Vanquished Creatures (collateral kills)
  2 orc wizards (D:4)
  2 adders
  A ribbon worm (D:4)
  An orc (D:4)
  A ball python (D:4)
  An endoplasm (D:4)
  A giant cockroach (D:4)
  A goblin (D:4)
  A quokka (D:4)
11 creatures vanquished.

Grand Total: 74 creatures vanquished

Notes
Turn   | Place    | Note
-------+----------+-------------------------------------------
     0 | D:1      | Crownlay the Djinni Monk began the quest for the Orb.
     0 | D:1      | Reached XP level 1. HP: 20/20 MP: 0/0
    97 | D:1      | Reached XP level 2. HP: 25/25 MP: 0/0
   519 | D:2      | Noticed Terence
   687 | D:2      | Noticed Robin
   692 | D:2      | Reached XP level 3. HP: 22/30 MP: 0/0
   692 | D:2      | Learned a level 1 spell: Magic Dart
   817 | D:1      | Reached skill level 1 in Spellcasting
   817 | D:1      | Reached skill level 1 in Conjurations
   817 | D:1      | Reached skill level 1 in Hexes
   817 | D:1      | Reached skill level 1 in Summonings
   817 | D:1      | Reached skill level 1 in Necromancy
   817 | D:1      | Reached skill level 1 in Translocations
   817 | D:1      | Reached skill level 1 in Fire Magic
   817 | D:1      | Reached skill level 1 in Ice Magic
   817 | D:1      | Reached skill level 1 in Air Magic
   817 | D:1      | Reached skill level 1 in Earth Magic
   817 | D:1      | Reached skill level 1 in Alchemy
  1010 | D:2      | Killed Robin
  1011 | D:2      | Reached skill level 4 in Fighting
  1167 | D:2      | Reached XP level 4. HP: 36/37 MP: 0/0
  1721 | D:2      | Killed Terence
  1722 | D:2      | Reached XP level 5. HP: 42/42 MP: 0/0
  1722 | D:2      | Learned a level 2 spell: Call Imp
  2003 | D:2      | Found a runed translucent door.
  2004 | D:2      | Noticed Crazy Yiuf
  2376 | D:3      | Found a faded altar of an unknown god.
  2394 | D:3      | Prayed at the altar of an unknown god.
  2394 | D:3      | Became a worshipper of Makhleb the Destroyer
  2394 | D:3      | Reached * piety under Makhleb
  2394 | D:3      | Reached ** piety under Makhleb
  2905 | D:4      | Found a broken altar of Ashenzari.
  2907 | D:4      | Noticed Edmund
  2922 | D:4      | Reached skill level 5 in Fighting
  3014 | D:4      | Reached *** piety under Makhleb
  3015 | D:4      | Reached XP level 6. HP: 49/49 MP: 0/0
  3206 | D:4      | Found a glowing drain.
  3210 | Sewer    | Entered a sewer
  3261 | Sewer    | Noticed a ynoxinul
  3264 | Sewer    | Noticed a ynoxinul
  3270 | Sewer    | Killed from afar by a ynoxinul

Illustrated notes

Levels and vault maps discovered:
D:1:      wander_arrival_chamber, layout_rooms
D:2:      layout_basic, st_stairs_2, kennysheep_generic_room_7, uniq_robin,
          uniq_terence, uniq_crazy_yiuf_cottage
D:3:      layout_basic, ebering_ecumenical_altar_box,
          corexii_item_surrounded_by_moat
D:4:      layout_loops_ring, nicolae_tso_swordbearing_angel,
          nicolae_overflow_hidden_temple, gup_sewer_entry_spiral, uniq_edmund
Sewer:    kennysheep_door_sewer

Skill      XL: |  1  2  3  4  5 |
---------------+----------------+-----
Spellcasting   | 1 2 |  2.4
Conjurations   | 1 2 |  2.4
Hexes          | 1 2 |  2.4
Summonings     | 1 2 |  2.4
Necromancy     | 1 2 |  2.4
Translocations | 1 2 |  2.4
Fire Magic     | 1 2 |  2.4
Ice Magic      | 1 2 |  2.4
Air Magic      | 1 2 |  2.4
Earth Magic    | 1 2 |  2.4
Alchemy        | 1 2 |  2.4
Fighting       | 4 5 |  5.8
Short Blades   | |  2.6
Dodging        | |  3.2

Action                     |  1- 3 |  4- 6 || total
---------------------------+-------+-------++-------
  Melee: Short sword       |    69 |    72 ||   141
         Dagger            |       |    36 ||    36
  Throw: Boomerang         |    29 |     4 ||    33
         Dart              |     7 |     4 ||    11
   Cast: Magic Dart        |     1 |    63 ||    64
         Call Imp          |       |     2 ||     2
 Invoke: Lesser Servant of |       |     5 ||     5
 Armour: Robe              |    49 |       ||    49
         Animal skin       |     2 |    69 ||    71
  Dodge: Dodged            |    59 |    74 ||   133
